 Dungeon Crawl Stone Soup version 0.23.2 (webtiles) character file.

Game seed: 3374575503446528364

1306 cklessthan3 the Slinger (level 8, -6/55 HPs)
             Began as a Halfling Hunter on Apr 4, 2019.
             Was a Follower of Trog.
             Mangled by an orc warrior
             ... wielding a +0 battleaxe
              (12 damage)
             ... on level 7 of the Dungeon.
             The game lasted 00:13:42 (4396 turns).

cklessthan3 the Slinger (Halfling Hunter)           Turns: 4396, Time: 00:13:43

Health: -6/55      AC: 14    Str: 19    XL:     8   Next: 88%
Magic:  8/8        EV:  8    Int:  9    God:    Trog [*.....]
Gold:   370        SH:  0    Dex: 15    Spells: 7/7 levels left

rFire    . . .     SeeInvis +   a - +1 hunting sling
rCold    + . .     Gourm    .   (shield restricted)
rNeg     . . .     Faith    .   v - +0 plate armour
rPois    +         Spirit   .   p - +2 helmet
rElec    .         Reflect  .   (no cloak)
rCorr    .         Harm     .   (no gloves)
MR       .....                  (no boots)
Stlth    ..........             (no amulet)
HPRegen  0.18/turn              y - ring of Brilliance {*Contam rPois rC+ Str+4 SInv}
MPRegen  0.11/turn              (no ring)

@: no status effects
A: small, mutation resistance 1
a: Berserk, Renounce Religion


You were on level 7 of the Dungeon.
You worshipped Trog.
Trog was aware of your devotion.
You were not hungry.

You visited 1 branch of the dungeon, and saw 6 of its levels.

You collected 370 gold pieces.

Inventory:

Hand Weapons
 a - a +1 hunting sling (weapon)
 b - a +0 short sword
Missiles
 g - 49 stones (quivered)
Armour
 p - a +2 helmet (worn)
 v - a +0 plate armour (worn)
 x - a +0 pair of boots
Jewellery
 y - the ring of Brilliance (left hand) {*Contam rPois rC+ Str+4 SInv}
   (You found it on level 4 of the Dungeon)

   [ring of strength]

   It affects your strength (+4).
   It protects you from cold.
   It protects you from poison.
   It lets you see invisible.
   It causes magical contamination when unequipped.
Wands
 o - a wand of polymorph (7)
 r - a wand of disintegration (6)
Scrolls
 i - 3 scrolls of blinking {unknown}
 j - 3 scrolls of immolation {unknown}
 l - 3 scrolls of noise {unknown}
 m - a scroll of teleportation {unknown}
 n - 7 scrolls of identify {unknown}
 s - a scroll of amnesia {unknown}
 t - 4 scrolls of remove curse {unknown}
 u - a scroll of magic mapping {unknown}
Potions
 c - 2 potions of flight {unknown}
 e - 4 potions of curing {unknown}
 h - a potion of heal wounds {unknown}
 k - 4 potions of degeneration {unknown}
 q - 2 potions of cancellation {unknown}
 w - a potion of haste {unknown}
Comestibles
 f - 11 rations


   Skills:
 + Level 5.2 Fighting
 + Level 12.2 Slings
 + Level 3.2 Armour
 + Level 2.1 Dodging
 + Level 1.4 Stealth


You had 7 spell levels left.
You didn't know any spells.
Your spell library contained the following spells:

 Spells                   Type           Power        Failure   Level  Hunger
 Magic Dart               Conj           #...         100%        1    ##.....
 Blink                    Tloc           N/A          100%        2    ###....
 Call Imp                 Summ           #.......     100%        2    ###....
 Slow                     Hex            #.......     100%        2    ###....
 Conjure Flame            Conj/Fire      #.......     100%        3    ####...
 Mephitic Cloud           Conj/Pois/Air  #.......     100%        3    ####...


Dungeon Overview and Level Annotations

Branches:
Dungeon (5/15)             Temple (0/1) D:7

Altars:
Cheibriados
Dithmenos
Makhleb
Sif Muna
Trog
Xom

Shops:
D:5 }


Innate Abilities, Weirdness & Mutations

You are small and have problems with some larger weapons.
You are somewhat resistant to further mutation.


Message History

The orc warrior is heavily wounded.
Firing (i - inventory)
g - 52 stones (quivered)
Press: ? - help, Shift-Dir - straight line, f/p - orc warrior
Aim: an orc warrior, wielding a +0 battleaxe and wearing a +0 chain mail (heavily wounded)
You shoot a stone. The stone hits the orc warrior.
The orc warrior is heavily wounded.
The orc warrior hits you with a +0 battleaxe!
* * * LOW HITPOINT WARNING * * *
Firing (i - inventory)
g - 51 stones (quivered)
Press: ? - help, Shift-Dir - straight line, f/p - orc warrior
Aim: an orc warrior, wielding a +0 battleaxe and wearing a +0 chain mail (heavily wounded)
You shoot a stone. The stone hits the orc warrior.
The orc warrior is severely wounded.
Firing (i - inventory)
g - 50 stones (quivered)
Press: ? - help, Shift-Dir - straight line, f/p - orc warrior
Aim: an orc warrior, wielding a +0 battleaxe and wearing a +0 chain mail (severely wounded)
You shoot a stone.
The stone closely misses the orc warrior.
The orc warrior hits you with a +0 battleaxe!
You die...

..# #.#..#.# ##.#
..# #)#..#.# #.##
..# #.#..#.# #..#
..# #.#..#.# ##.#
..# #.####.# #.#
+### ... #.#....#
### ....# #.####
###.###.#
#.#########.)(#>+
#..).....@o)#.###.#
############# ....#
+###


You could see an orc warrior.

Vanquished Creatures
  Menkaure (D:5)
  An ice beast (D:5)
  A sky beast (D:5)
  4 ogres
  A bullfrog (D:7)
  A scorpion (D:5)
  A crimson imp (D:7)
  A hound (D:5)
  4 orc wizards
  An iguana (D:5)
  A worker ant (D:4)
  2 hound zombies (D:5)
  14 gnolls
  8 adders
  6 worms
  3 leopard geckos
  16 orcs
  5 bats
  5 giant cockroaches
  5 goblins
  2 hobgoblins
  8 kobolds
  A quokka (D:4)
  5 frilled lizards
  4 rats
101 creatures vanquished.

Notes
Turn   | Place    | Note
-------+----------+-------------------------------------------
     0 | D:1      | cklessthan3 the Halfling Hunter began the quest for the
                  | Orb.
     0 | D:1      | Reached XP level 1. HP: 14/14 MP: 1/1
   311 | D:1      | Reached skill level 6 in Slings
   631 | D:1      | Reached XP level 2. HP: 19/19 MP: 2/2
  1080 | D:2      | Reached skill level 1 in Armour
  1080 | D:2      | Reached XP level 3. HP: 21/24 MP: 3/3
  1201 | D:2      | Reached skill level 7 in Slings
  1210 | D:2      | Reached XP level 4. HP: 29/29 MP: 4/4
  1400 | D:2      | Reached XP level 5. HP: 33/35 MP: 5/5
  1537 | D:2      | Found a deep blue altar of Sif Muna.
  1918 | D:3      | Found a snail-covered altar of Cheibriados.
  1934 | D:3      | Reached skill level 8 in Slings
  2362 | D:3      | Reached XP level 6. HP: 39/42 MP: 6/6
  2412 | D:3      | Found a bloodstained altar of Trog.
  2413 | D:3      | Found a shadowy altar of Dithmenos.
  2424 | D:3      | Became a worshipper of Trog the Wrathful
  2609 | D:4      | Got a heavily runed silver ring
  2666 | D:4      | Identified the ring of Brilliance {*Contam rPois rC+ Str+4
                  | SInv} (You found it on level 4 of the Dungeon)
  2704 | D:4      | Noticed an ogre
  2712 | D:4      | Killed an ogre
  2712 | D:4      | Reached skill level 9 in Slings
  2712 | D:4      | Reached XP level 7. HP: 46/46 MP: 7/7
  2950 | D:4      | Found a burning altar of Makhleb.
  2950 | D:4      | Noticed a cacodemon
  2954 | D:4      | Noticed a ynoxinul
  2954 | D:4      | Noticed a hellwing
  3110 | D:5      | Entered Level 5 of the Dungeon
  3150 | D:5      | Reached skill level 10 in Slings
  3209 | D:5      | Found Nothryce's Gadget Shoppe.
  3209 | D:5      | Noticed Menkaure
  3224 | D:5      | Killed Menkaure
  3294 | D:5      | Reached XP level 8. HP: 13/54 MP: 8/8
  3644 | D:5      | Reached skill level 11 in Slings
  3652 | D:5      | Found a shimmering altar of Xom.
  3762 | D:5      | Reached * piety under Trog
  3959 | D:5      | Reached skill level 12 in Slings
  4248 | D:5      | You fall through a shaft for 2 floors!
  4308 | D:7      | Reached skill level 5 in Fighting
  4367 | D:7      | Found a staircase to the Ecumenical Temple.
  4396 | D:7      | Mangled by an orc warrior

Skill      XL: |  1  2  3  4  5  6  7  8 |
---------------+-------------------------+-----
Slings         | 6 7 8 9 10 12 | 12.2
Fighting       | 2 3 4 5 |  5.2
Armour         | 1 2 3 |  3.2
Dodging        | |  2.1
Stealth        | |  1.4

Action                   |  1- 3 |  4- 6 |  7- 9 || total
-------------------------+-------+-------+-------++-------
 Fire: Hunting sling     |    64 |   203 |   216 ||   483
  Eat: Ration            |       |     1 |     2 ||     3
       Chunk             |       |     2 |       ||     2
Armor: Leather armour    |     2 |     1 |       ||     3
       Plate armour      |       |    24 |    34 ||    58
Dodge: Dodged            |    11 |    10 |    21 ||    42
